AoeStats
← AOKI_GworK

Arena

508061073Analyzed
2v2 RM · 11d ago on Sep 20, 2026· 45m 51s· 4 players
Game mode
Random Map
Map size
Medium (4 player)
Population
200
Speed
Normal
Resources
Standard
Victory
Conquest
Starting age
Dark Age
Ending age
Imperial Age
RankedLock teamsTeams togetherTeam positionsShared explorationLock speedFull tech treeHidden civsTurbo modeCheats
Victory
Defeat
🇦🇷 Mongols · Argentina
1848
+13
🇦🇷 Teutons · Argentina
1640
+21
🇫🇷 Teutons · France
1799
-18
🇫🇷 Dravidians · France
1745
-16
~BroKen~
6:19 Loom
8:53 Feudal Age
10:41 Fletching
12:47 Double-Bit Axe
27:59 Castle Age
27:27 Wheelbarrow
27:00 Horse Collar
27:08 Town Watch
28:41 Bodkin Arrow
29:01 Bow Saw
28:53 Heavy Plow
29:09 Guard Tower
29:51 Masonry
33:30 Padded Archer Armor
34:59 Hand Cart
34:40 Gold Mining
35:56 Scale Mail Armor
39:35 Forging
44:41 Imperial Age
42:41 Chain Mail Armor
45:00 Iron Casting
44:28 Stone Mining
44:53 Elite Teutonic Knight
46:05 Plate Mail Armor
46:15 Conscription
46:59 Blast Furnace
46:31 Crop Rotation
47:04 Two-Man Saw
Mr Fino
10:17 Feudal Age
14:32 Castle Age
14:26 Double-Bit Axe
15:34 Bow Saw
15:19 Loom
21:42 Town Watch
22:02 Horse Collar
28:26 Wheelbarrow
30:24 Hand Cart
30:03 Gold Mining
34:44 Imperial Age
32:06 Stone Mining
33:01 Fletching
33:46 Bodkin Arrow
34:12 Ballistics
34:44 Padded Archer Armor
35:24 Stone Shaft Mining
35:24 Bloodlines
35:14 Husbandry
35:32 Bracer
36:56 Chemistry
36:29 Thumb Ring
36:50 Parthian Tactics
36:50 Conscription
37:06 Leather Archer Armor
39:12 Murder Holes
39:53 Hoardings
39:53 Elite Mangudai
44:57 Drill
43:59 Capped Ram
45:48 Siege Ram
AOKI_GworK
9:20 Feudal Age
9:22 Man-at-Arms
10:28 Loom
10:29 Double-Bit Axe
10:49 Horse Collar
17:20 Scale Mail Armor
17:11 Arson
19:11 Wheelbarrow
18:56 Fletching
27:28 Castle Age
25:59 Gold Mining
27:31 Long Swordsman
28:34 Chain Mail Armor
28:31 Bow Saw
28:24 Gambesons
29:18 Heavy Plow
30:03 Squires
33:08 Forging
35:12 Town Watch
35:43 Hand Cart
36:56 Iron Casting
AOKI_Gryphon
5:22 Loom
8:43 Feudal Age
9:46 Double-Bit Axe
10:09 Fletching
22:02 Castle Age
21:59 Horse Collar
22:11 Gold Mining
23:49 Bow Saw
27:55 Wheelbarrow
28:22 Heavy Plow
30:02 Hand Cart
34:21 Imperial Age
31:37 Town Watch
31:45 Stone Mining
32:06 Pikeman
32:46 Squires
32:48 Scale Mail Armor
32:58 Forging
34:32 Chain Mail Armor
34:30 Halberdier
35:46 Iron Casting
37:34 Chemistry
38:09 Plate Mail Armor
38:40 Blast Furnace
37:40 Padded Archer Armor
38:36 Capped Ram
42:20 Crenellations
42:55 Bodkin Arrow
44:12 Siege Engineers
44:28 Ballistics
Connection lost

Rejoining the realm…

Still unreachable

The connection could not be restored.

Session expired

The server has moved on; the page needs a fresh start.